BLB
CAROLINA TOBS @ PHILADELPHIA FREEDOM
03/14/2060
 
TOP OF THE 1ST
Carolina Tobs batting - Pitching for Philadelphia Freedom : RHP Elliot Caldwell
Pitching: RHP Elliot Caldwell
Batting: LHB Spencer DeSimone 0-0: Ground out 5-3 (Groundball, 5S, EV 79.4 MPH)
Batting: SHB Sean Benjamin 0-0: Ball
1-0: Called Strike
1-1: Swinging Strike
1-2: Foul Ball, location: 2F
1-2: SINGLE (Groundball, 6D, EV 105.6 MPH)
Batting: LHB Trent West 0-0: Ball
1-0: Ball
2-0: Called Strike
2-1: Foul Ball, location: 2F
2-2: Grounds into double play, 6-4-3 (Groundball, 6, EV 102.5 MPH)
Top of the 1st over - 0 runs, 1 hit, 0 errors, 0 left on base; Carolina 0 - Philadelphia 0
BOTTOM OF THE 1ST
Philadelphia Freedom batting - Pitching for Carolina Tobs : LHP Miles Licon
Pitching: LHP Miles Licon
Batting: RHB Walter Muller 0-0: Bunt missed!
0-1: Swinging Strike
0-2: Ball
1-2: Foul Ball, location: 2F
1-2: Ball
2-2: Foul Ball, location: 2F
2-2: Ball
3-2: Base on Balls
Batting: RHB Wellington Wingate 0-0: Called Strike
0-1: Ball
1-1: SINGLE (Groundball, 4D, EV 100.0 MPH)
Walter Muller to second
Runner from 2nd tries for 3rd, SAFE, throw by CF made to third
Batting: LHB Rob Morris 0-0: Ball
1-0: Fly out, F8 (Line Drive, 8RM, EV 87.5 MPH)
Runner from 3rd tags up, SCORES, throw by CF
Batting: RHB Joseph Flynn 0-0: Foul Ball, location: 2F
0-1: Swinging Strike
0-2: Strikes out looking
Batting: LHB Elliot Caldwell 0-0: Foul Ball, location: 2F
0-1: Ball
1-1: Called Strike
1-2: Ball
2-2: Ball
3-2: Ground out 4-3 (Groundball, 4, EV 88.1 MPH)
Bottom of the 1st over - 1 run, 1 hit, 0 errors, 1 left on base; Carolina 0 - Philadelphia 1
TOP OF THE 2ND
Carolina Tobs batting - Pitching for Philadelphia Freedom : RHP Elliot Caldwell
Batting: LHB Clay Newhouse 0-0: Ball
1-0: Called Strike
1-1: Swinging Strike
1-2: Ball
2-2: Ball
3-2: Foul Ball, location: 2F
3-2: Strikes out swinging
Batting: LHB Kyle Siebert 0-0: Ball
1-0: Ground out U3 (Groundball, 3, EV 83.8 MPH)
Batting: RHB Rykeem Potts 0-0: Ball
1-0: Ball
2-0: Ground out 4-3 (Groundball, 4, EV 101.9 MPH)
Top of the 2nd over - 0 runs, 0 hits, 0 errors, 0 left on base; Carolina 0 - Philadelphia 1
BOTTOM OF THE 2ND
Philadelphia Freedom batting - Pitching for Carolina Tobs : LHP Miles Licon
Batting: RHB James Lester 0-0: Ball
1-0: Ball
2-0: Ball
3-0: Called Strike
3-1: Base on Balls
Batting: RHB Phillip Cox 0-0: Ball
1-0: Ball
2-0: Ball
3-0: Called Strike
3-1: Swinging Strike
3-2: Grounds into double play, 6-4-3 (Groundball, 6MS, EV 82.5 MPH)
Batting: RHB Steven Giblin 0-0: Called Strike
0-1: SINGLE (Groundball, 6MD, EV 103.8 MPH)
Batting: RHB Garret Connors 0-0: Foul Ball, location: 2F
0-1: Ground out 4-3 (Groundball, 4, EV 84.4 MPH)
Bottom of the 2nd over - 0 runs, 1 hit, 0 errors, 1 left on base; Carolina 0 - Philadelphia 1
TOP OF THE 3RD
Carolina Tobs batting - Pitching for Philadelphia Freedom : RHP Elliot Caldwell
Batting: RHB Johnathan Shillito 0-0: Swinging Strike
0-1: Foul Ball, location: 2F
0-2: Ground out 6-3 (Groundball, 6S, EV 85.0 MPH)
Batting: SHB Shaunte Panteleo 0-0: Ground out 6-3 (Groundball, 6, EV 87.5 MPH)
Batting: RHB Casey Suggs 0-0: Ball
1-0: Ball
2-0: Called Strike
2-1: Foul Ball, location: 2F
2-2: SINGLE (Groundball, 6D, EV 98.8 MPH)
Batting: LHB Spencer DeSimone 0-0: Ground out 4-3 (Groundball, 34, EV 102.5 MPH)
Top of the 3rd over - 0 runs, 1 hit, 0 errors, 1 left on base; Carolina 0 - Philadelphia 1
BOTTOM OF THE 3RD
Philadelphia Freedom batting - Pitching for Carolina Tobs : LHP Miles Licon
Batting: RHB Walter Muller 0-0: Called Strike
0-1: Ground out 6-3 (Groundball, 56, EV 83.1 MPH)
Batting: RHB Wellington Wingate 0-0: Ball
1-0: Called Strike
1-1: Fly out, F8 (Flyball, 89S, EV 90.0 MPH)
Batting: LHB Rob Morris 0-0: Ball
1-0: Ball
2-0: Foul Ball, location: 2F
2-1: Ball
3-1: Fly out, F9 (Flyball, 9, EV 87.5 MPH)
Bottom of the 3rd over - 0 runs, 0 hits, 0 errors, 0 left on base; Carolina 0 - Philadelphia 1
TOP OF THE 4TH
Carolina Tobs batting - Pitching for Philadelphia Freedom : RHP Elliot Caldwell
Batting: SHB Sean Benjamin 0-0: Ball
1-0: Foul Ball, location: 2F
1-1: Ground out 4-3 (Groundball, 4M, EV 93.8 MPH)
Batting: LHB Trent West 0-0: Called Strike
0-1: Swinging Strike
0-2: Ball
1-2: Ball
2-2: Ball
3-2: Ground out 6-3 (Groundball, 6, EV 87.5 MPH)
Batting: LHB Clay Newhouse 0-0: Called Strike
0-1: Ball
1-1: Foul Ball, location: 2F
1-2: Foul Ball, location: 2F
1-2: Ball
2-2: Ball
3-2: Fly out, F2 (Popup, 25F, EV 91.2 MPH)
Top of the 4th over - 0 runs, 0 hits, 0 errors, 0 left on base; Carolina 0 - Philadelphia 1
BOTTOM OF THE 4TH
Philadelphia Freedom batting - Pitching for Carolina Tobs : LHP Miles Licon
Batting: RHB Joseph Flynn 0-0: Ball
1-0: Foul Ball, location: 2F
1-1: Called Strike
1-2: Strikes out looking
Pinch Hitting: LHB Marlon Johnson 0-0: Ball
1-0: Ball
2-0: Ground out 4-3 (Groundball, 4, EV 77.5 MPH)
Batting: RHB James Lester 0-0: Ball
1-0: Ball
2-0: Ball
3-0: Base on Balls
Batting: RHB Phillip Cox 0-0: Ball
1-0: Called Strike
1-1: Swinging Strike
1-2: Fly out, F8 (Flyball, 8RS, EV 91.9 MPH)
Bottom of the 4th over - 0 runs, 0 hits, 0 errors, 1 left on base; Carolina 0 - Philadelphia 1
TOP OF THE 5TH
Carolina Tobs batting - Pitching for Philadelphia Freedom : RHP Elliot Caldwell
Pitching: RHP Alec Goeman
Now in LF: Amonte Raper
Batting: LHB Kyle Siebert 0-0: Ball
1-0: Ball
2-0: Ball
3-0: Base on Balls
Batting: RHB Rykeem Potts 0-0: Foul Ball, location: 2F
0-1: Grounds into double play, 1-6-3 (Groundball, 13S, EV 66.2 MPH)
Batting: RHB Johnathan Shillito 0-0: Ball
1-0: Ball
2-0: Ground out 4-3 (Groundball, 4, EV 89.4 MPH)
Top of the 5th over - 0 runs, 0 hits, 0 errors, 0 left on base; Carolina 0 - Philadelphia 1
BOTTOM OF THE 5TH
Philadelphia Freedom batting - Pitching for Carolina Tobs : LHP Miles Licon
Now at SS: Tommy Pettyjohn
Batting: RHB Steven Giblin 0-0: Ball
1-0: Fly out, F7 (Flyball, 78M, EV 88.8 MPH)
Batting: RHB Garret Connors 0-0: Called Strike
0-1: Swinging Strike
0-2: Strikes out swinging
Batting: LHB Amonte Raper 0-0: Ball
1-0: Ground out 1-3 (Groundball, 13S, EV 68.1 MPH)
Bottom of the 5th over - 0 runs, 0 hits, 0 errors, 0 left on base; Carolina 0 - Philadelphia 1
TOP OF THE 6TH
Carolina Tobs batting - Pitching for Philadelphia Freedom : RHP Alec Goeman
Batting: SHB Shaunte Panteleo 0-0: Fly out, F7 (Line Drive, 7S, EV 90.6 MPH)
Pinch Hitting: LHB Scott Davila 0-0: Ball
1-0: Foul Ball, location: 2F
1-1: Ball
2-1: Foul Ball, location: 2F
2-2: Ball
3-2: Ground out 5-3 (Groundball, 5S, EV 90.6 MPH)
Pinch Hitting: LHB Evan Turner 0-0: Ball
1-0: Ball
2-0: Ball
3-0: Called Strike
3-1: SOLO HOME RUN (Flyball, 78XD, EV 107.5 MPH), Distance : 424 ft
Batting: SHB Tommy Pettyjohn 0-0: Ball
1-0: Ball
2-0: Foul Ball, location: 2F
2-1: Ground out 4-3 (Groundball, 4, EV 86.2 MPH)
Top of the 6th over - 1 run, 1 hit, 0 errors, 0 left on base; Carolina 1 - Philadelphia 1
BOTTOM OF THE 6TH
Philadelphia Freedom batting - Pitching for Carolina Tobs : LHP Miles Licon
Pitching: RHP Lyman Zarate
Now at C: Obie Biggs
Now at 3B: Tommy Pettyjohn
Now at SS: Marcus Fahr
Now in CF: Evan Turner
Pinch Hitting: RHB Art Swor 0-0: Ball
1-0: Foul Ball, location: 2F
1-1: SINGLE (Line Drive, 8LS, EV 100.6 MPH)
Pinch Hitting: RHB Isaiah Thomas 0-0: Called Strike
0-1: Ball
1-1: Foul Ball, location: 2F
1-2: Strikes out looking
Pinch Hitting: LHB Sage Emerson 0-0: Called Strike
0-1: Swinging Strike
0-2: Ball
1-2: Ball
2-2: Foul Ball, location: 2F
2-2: Strikes out swinging
Pinch Hitting: RHB Coby Setko 0-0: Hit by Pitch
Art Swor to second
Pinch Hitting: RHB Josh Frost 0-0: Ball
1-0: Ball
2-0: Fly out, F9 (Flyball, 89S, EV 80.6 MPH)
Bottom of the 6th over - 0 runs, 1 hit, 0 errors, 2 left on base; Carolina 1 - Philadelphia 1
TOP OF THE 7TH
Carolina Tobs batting - Pitching for Philadelphia Freedom : RHP Alec Goeman
Pitching: RHP Erick Greenway
Now at C: Gavin Hubble
Now at 1B: Coby Setko
Now at 2B: Art Swor
Now at 3B: Josh Frost
Now in CF: Isaiah Thomas
Batting: LHB Trent West 0-0: Ball
1-0: Ball
2-0: Ball
3-0: Called Strike
3-1: Foul Ball, location: 2F
3-2: Foul Ball, location: 2F
3-2: Strikes out swinging
Batting: LHB Clay Newhouse 0-0: Called Strike
0-1: Ball
1-1: Ball
2-1: Foul Ball, location: 2F
2-2: Foul Ball, location: 2F
2-2: Strikes out swinging
Batting: LHB Kyle Siebert 0-0: Foul Ball, location: 2F
0-1: Called Strike
0-2: SOLO HOME RUN (Flyball, 7LD, EV 93.1 MPH), Distance : 338 ft
Batting: RHB Rykeem Potts 0-0: Called Strike
0-1: Ball
1-1: Called Strike
1-2: Strikes out swinging
Top of the 7th over - 1 run, 1 hit, 0 errors, 0 left on base; Carolina 2 - Philadelphia 1
BOTTOM OF THE 7TH
Philadelphia Freedom batting - Pitching for Carolina Tobs : RHP Lyman Zarate
Batting: RHB Phillip Cox 0-0: Called Strike
0-1: Ball
1-1: Called Strike
1-2: Ball
2-2: Strikes out swinging
Batting: RHB Steven Giblin 0-0: Called Strike
0-1: Ball
1-1: Foul Ball, location: 2F
1-2: Foul Ball, location: 2F
1-2: Ball
2-2: Ball
3-2: Foul Ball, location: 2F
3-2: Base on Balls
Batting: RHB Gavin Hubble 0-0: Ball
1-0: Swinging Strike
1-1: Foul Ball, location: 2F
1-2: Ball
2-2: Strikes out looking
Batting: LHB Amonte Raper 0-0: Called Strike
0-1: Foul Ball, location: 2F
0-2: Ground out 4-3 (Groundball, 4, EV 104.4 MPH)
Bottom of the 7th over - 0 runs, 0 hits, 0 errors, 1 left on base; Carolina 2 - Philadelphia 1
TOP OF THE 8TH
Carolina Tobs batting - Pitching for Philadelphia Freedom : RHP Erick Greenway
Pitching: RHP Levi Quinn
Batting: RHB Johnathan Shillito 0-0: Ball
1-0: Called Strike
1-1: Ground out 6-3 (Groundball, 6D, EV 83.1 MPH)
Batting: RHB Marcus Fahr 0-0: Foul Ball, location: 2F
0-1: SINGLE (Groundball, 56S, EV 65.0 MPH) (infield hit)
Batting: LHB Obie Biggs 0-0: Ball
1-0: Called Strike
1-1: Called Strike
1-2: Ball
2-2: Grounds into double play, 4-6-3 (Groundball, 34, EV 81.9 MPH)
Top of the 8th over - 0 runs, 1 hit, 0 errors, 0 left on base; Carolina 2 - Philadelphia 1
BOTTOM OF THE 8TH
Philadelphia Freedom batting - Pitching for Carolina Tobs : RHP Lyman Zarate
Pitching: RHP Joey Jonas
Batting: RHB Art Swor 0-0: Fly out, F9 (Line Drive, 9, EV 98.8 MPH)
Batting: RHB Isaiah Thomas 0-0: Foul Ball, location: 2F
0-1: Called Strike
0-2: Strikes out swinging
Pinch Hitting: SHB Wes Johnson 0-0: Ball
1-0: Ball
2-0: Foul Ball, location: 2F
2-1: Ball
3-1: Base on Balls
Batting: RHB Coby Setko 0-0: Swinging Strike
0-1: Ball
1-1: Foul Ball, location: 2F
1-2: Hit by Pitch
Wes Johnson to second
Batting: RHB Josh Frost 0-0: Swinging Strike
0-1: Ball
1-1: Called Strike
1-2: Ball
2-2: Foul Ball, location: 2F
2-2: Foul Ball, location: 2F
2-2: Ball
3-2: Fly out, F9 (Line Drive, 9S, EV 95.6 MPH)
Bottom of the 8th over - 0 runs, 0 hits, 0 errors, 2 left on base; Carolina 2 - Philadelphia 1
TOP OF THE 9TH
Carolina Tobs batting - Pitching for Philadelphia Freedom : RHP Levi Quinn
Pitching: RHP Turner Hicks
Batting: LHB Evan Turner 0-0: Called Strike
0-1: Foul Ball, location: 2F
0-2: Ground out 6-3 (Groundball, 4M, EV 96.2 MPH)
Batting: SHB Tommy Pettyjohn 0-0: Ball
1-0: Swinging Strike
1-1: Called Strike
1-2: Strikes out swinging
Batting: LHB Trent West 0-0: Ball
1-0: Called Strike
1-1: Ball
2-1: Foul Ball, location: 2F
2-2: Ball
3-2: Foul Ball, location: 2F
3-2: Foul Ball, location: 2F
3-2: Fly out, F8 (Flyball, 8LD, EV 87.5 MPH)
Top of the 9th over - 0 runs, 0 hits, 0 errors, 0 left on base; Carolina 2 - Philadelphia 1
BOTTOM OF THE 9TH
Philadelphia Freedom batting - Pitching for Carolina Tobs : RHP Joey Jonas
Pitching: RHP Brendan Horstman
Batting: RHB Phillip Cox 0-0: Foul Ball, location: 2F
0-1: Ball
1-1: Swinging Strike
1-2: Ball
2-2: Ball
3-2: Strikes out swinging
Batting: RHB Steven Giblin 0-0: Ball
1-0: Foul Ball, location: 2F
1-1: Swinging Strike
1-2: Strikes out swinging
Batting: RHB Gavin Hubble 0-0: Foul Ball, location: 2F
0-1: Foul Ball, location: 2F
0-2: Foul Ball, location: 2F
0-2: Strikes out looking
Bottom of the 9th over - 0 runs, 0 hits, 0 errors, 0 left on base; Carolina 2 - Philadelphia 1
Wednesday, April 17th , 2024 - OOTP Baseball 23.10 Build 110